 Dungeon Sprint DCSS version 0.29-a0-337-g68df138881 (webtiles) character file.

Game seed: 2448593829196026269

1111 mhtbhm the Spear-Bearer (level 8, -13/121 HPs)
             Began as a Purple Draconian Berserker on Apr 16, 2022.
             Was an Elder of Trog.
             Mangled by a two-headed ogre
             ... wielding a +0 giant club
              (17 damage)
             ... in the Dungeon (Sprint IX: "|||||||||||||||||||||||||||||").
             The game lasted 00:01:00 (277 turns).

mhtbhm the Spear-Bearer (Purple Draconian Berserker) Turns: 277, Time: 00:01:01

Health: -13/121    AC: 14    Str: 28    XL:     8   Next: 11%
Magic:  8/8        EV: 15    Int:  7    God:    Trog [****..]
Gold:   0          SH:  0    Dex: 11    Spells: 7/7 levels left

rFire   . . .      SeeInvis .   a - +2 halberd (protect)
rCold   . . .      Faith    .   (shield currently unavailable)
rNeg    . . .      Spirit   .   (body armour unavailable)
rPois   .          Reflect  .   (helmet restricted)
rElec   .          Harm     .   j - +0 cloak
rCorr   .          Rampage  .   (no gloves)
Will    +....      NoTele   +   (no boots)
Stlth   ..........              (no amulet)
HPRegen 0.30/turn               k - +3 ring of strength
MPRegen 0.11/turn               l - +3 ring of strength

@: berserking, under a protective aura, very quick
A: breathe power, AC +6, unfitting armour, cold-blooded
a: Breathe Dispelling Energy, Renounce Religion, Berserk, Trog's Hand, Brothers
in Arms


You were in the Dungeon.
You worshipped Trog.
Trog was greatly pleased with you.
You visited 1 branch

Inventory:

Hand Weapons
 a - a +2 halberd of protection (weapon)
Armour
 j - a +0 cloak (worn)
Jewellery
 k - a +3 ring of strength (left hand)
 l - a +3 ring of strength (right hand)
Wands
 i - a wand of iceblast (10)
Scrolls
 g - 2 scrolls of blinking
Potions
 b - 5 potions of curing
 d - a potion of haste
 e - 4 potions of magic
 f - a potion of berserk rage


   Skills:
 + Level 10.9 Fighting
 + Level 11.4 Polearms
 + Level 9.6 Dodging
 + Level 3.3 Stealth


You had 7 spell levels left.
You didn't know any spells.
Your spell library was empty.

Dungeon Overview and Level Annotations

Branches:
Dungeon (1/1)

Altars:
Cheibriados
Dithmenos
Elyvilon
Fedhas
Gozag
Hepliaklqana
Kikubaaqudgha
Makhleb
Nemelex Xobeh
Okawaru
Qazlal
Ru
Sif Muna
Trog
Uskayaw
Vehumet
Wu Jian
Xom
Yredelemnul
Zin
The Shining One
Beogh
Jiyva
Lugonu


Innate Abilities, Weirdness & Mutations

You can breathe bolts of dispelling energy.
Your rich purple scales are hard. (AC +6)
You cannot fit into any form of body armour.
You are cold-blooded and may be slowed by cold attacks.


Message History

The wyvern bites you.
* * * LOW HITPOINT WARNING * * *
Unknown command.
Press < or > to pray at altars.
You feel much better. The wyvern misses you.
Unknown command.
Press < or > to pray at altars.
A red film seems to cover your vision as you go berserk!
You feel yourself moving faster!
You feel mighty! The wyvern completely misses you. The wyvern bites you.
You slash the wyvern!
Your weapon exudes an aura of protection.
The wyvern is heavily wounded.
The wyvern bites you!
You puncture the wyvern!
The wyvern is almost dead.
You barely miss the wyvern. You tail-slap the wyvern.
You kill the wyvern!
Trog accepts your kill.
You have reached level 8!
You feel stronger.
You puncture the two-headed ogre! You tail-slap the two-headed ogre!
The two-headed ogre is heavily wounded.
Unknown command.
Press < or > to pray at altars.
You hit the two-headed ogre.
The two-headed ogre is heavily wounded.
The two-headed ogre misses you.
The two-headed ogre hits you with a +0 giant club!
* * * LOW HITPOINT WARNING * * *
Unknown command.
Press < or > to pray at altars.
You hit the two-headed ogre.
The two-headed ogre is heavily wounded.
You barely miss the two-headed ogre. You tail-slap the two-headed ogre!
The two-headed ogre is heavily wounded.
The two-headed ogre hits you with a +0 giant club!!
* * * LOW HITPOINT WARNING * * *
The two-headed ogre hits you with a +0 giant club!
You die... ▓▓▓▓▓▓▓▓▓▓▓▓▓▓▓▓▓▓▓▓▓▓▓▓▓▓▓▓▓▓▓▓▓ .[[.))?.'______O@________________ ▓▓▓▓▓▓▓▓▓▓▓▓▓▓▓▓▓▓▓▓▓▓▓▓▓▓▓▓▓▓▓▓▓

You could see a two-headed ogre.

Vanquished Creatures
  A gargoyle (D)
  2 trolls (D)
  A wyvern (D)
  A sky beast (D)
  An ogre (D)
  A necrophage (D)
  An orc wizard (D)
  An adder (D)
  An orc (D)
  3 endoplasms (D)
  A giant cockroach (D)
  A hobgoblin (D)
15 creatures vanquished.

Notes
Turn   | Place    | Note
-------+----------+-------------------------------------------
     0 | D        | mhtbhm the Draconian Berserker began the quest for the Orb.
     0 | D        | Reached XP level 1. HP: 19/19 MP: 1/1
    12 | D        | Reached ** piety under Trog
    55 | D        | Noticed a necrophage
    55 | D        | Noticed an ogre
    55 | D        | Noticed a sky beast
    58 | D        | Killed a sky beast
    59 | D        | Reached skill level 6 in Polearms
    59 | D        | Reached skill level 5 in Dodging
    59 | D        | Reached skill level 1 in Stealth
    59 | D        | Reached XP level 2. HP: 31/31 MP: 2/2
    59 | D        | Reached XP level 3. HP: 38/38 MP: 3/3
    59 | D        | Reached XP level 4. HP: 45/45 MP: 4/4
    59 | D        | Reached *** piety under Trog
    63 | D        | Killed an ogre
    64 | D        | Reached skill level 7 in Polearms
    64 | D        | Reached XP level 5. HP: 38/52 MP: 5/5
    70 | D        | Reached skill level 8 in Polearms
    78 | D        | Found a snail-covered altar of Cheibriados.
    78 | D        | Found a shadowy altar of Dithmenos.
    78 | D        | Found a white marble altar of Elyvilon.
    78 | D        | Found a blossoming altar of Fedhas.
    78 | D        | Found an opulent altar of Gozag.
    79 | D        | Found a hazy altar of Hepliaklqana.
    80 | D        | Found a viscous altar of Jiyva.
    81 | D        | Found an ancient bone altar of Kikubaaqudgha.
    82 | D        | Found a corrupted altar of Lugonu.
    83 | D        | Found a burning altar of Makhleb.
    84 | D        | Found a sparkling altar of Nemelex Xobeh.
    85 | D        | Found an iron altar of Okawaru.
    86 | D        | Found a stormy altar of Qazlal.
    87 | D        | Found a sacrificial altar of Ru.
    88 | D        | Found a shimmering blue altar of Sif Muna.
    89 | D        | Found a bloodstained altar of Trog.
    90 | D        | Found a hide-covered altar of Uskayaw.
    91 | D        | Found a radiant altar of Vehumet.
    92 | D        | Found an ornate altar of the Wu Jian Council.
    93 | D        | Found a shimmering altar of Xom.
    94 | D        | Found a basalt altar of Yredelemnul.
    95 | D        | Found a glowing silver altar of Zin.
    96 | D        | Found a glowing golden altar of the Shining One.
   213 | D        | Noticed a two-headed ogre
   213 | D        | Noticed a wyvern
   213 | D        | Noticed a troll
   213 | D        | Noticed a gargoyle
   213 | D        | Noticed a troll
   225 | D        | Killed a troll
   226 | D        | Reached skill level 9 in Polearms
   226 | D        | Reached XP level 6. HP: 63/63 MP: 6/6
   229 | D        | Reached **** piety under Trog
   238 | D        | Killed a gargoyle
   239 | D        | Reached skill level 10 in Fighting
   239 | D        | Reached skill level 10 in Polearms
   239 | D        | Your scales start taking on a rich purple colour.
   239 | D        | Reached XP level 7. HP: 43/72 MP: 7/7
   245 | D        | Killed a troll
   246 | D        | Reached skill level 11 in Polearms
   273 | D        | Killed a wyvern
   274 | D        | Reached XP level 8. HP: 37/81 MP: 8/8
   277 | D        | HP: 4/121 [two-headed ogre/+0 giant club (25)]
   277 | D        | Mangled by a two-headed ogre

Illustrated notes

Levels and vault maps discovered:
D:        linesprint [early_d, line_temple, items_1, d_10, items_2, lair_1,
          lair_end, items_3, orc_1, orc_end, items_4, d_15, swamp_1, shoals_1,
          snake_1, spider_1, d_20, vaults_1, items_5, swamp_end, shoals_end,
          snake_end, spider_end, vaults_end, d_27, items_6, zot_1, zot_end,
          crypt_end, forest_end, elf_end, slime_end, tomb_end, abyss_end,
          pan_hell_end]

Skill      XL: |  1  2  3  4  5  6  7 |
---------------+----------------------+-----
Dodging        | 5 6 7 8 9 |  9.6
Fighting       | 6 7 9 10 | 10.9
Polearms       | 6 7 9 10 11 | 11.4
Stealth        | 1 2 3 |  3.3

Action                   |  1- 3 |  4- 6 |  7- 9 || total
-------------------------+-------+-------+-------++-------
Melee: Spear             |    16 |     9 |       ||    25
       Tailslap          |     3 |     3 |     4 ||    10
       Halberd           |       |    20 |    17 ||    37
Invok: Berserk           |     1 |     1 |     1 ||     3
  Use: Potion            |       |     2 |     2 ||     4
 Stab: Sleeping          |     1 |       |       ||     1
Armor: Skin              |     1 |    10 |     9 ||    20
Dodge: Dodged            |     4 |    21 |    24 ||    49

Table legend: (Time is in decaauts)
 A = Elapsed time spent in this place.
 B = Non-inter-level travel time spent in this place.
 C = Inter-level travel time spent in this place.
 D = Time resting spent in this place.
 E = Time spent auto-exploring this place.
 F = Levels seen in this place.
 G = Mean time per level.
                   A        B        C        D        E       F      G
               +--------+--------+--------+--------+--------+-----+--------+
         Total |    289 |    289 |      0 |    111 |      3 |   1 |  289.0 |
       Dungeon |    289 |    289 |      0 |    111 |      3 |   1 |  289.0 |
               +--------+--------+--------+--------+--------+-----+--------+

Top non-repeatable levels by time:
       D: 289 daAuts
